 Dungeon Crawl Stone Soup version 0.18.1-8-gdd0e5ea (webtiles) character file.

68 Shtopit the Shield-Bearer (level 4, -2/37 HPs)
             Began as a Formicid Fighter on May 30, 2016.
             Killed from afar by an orc wizard (9 damage)
             ... with a puff of flame
             ... on level 3 of the Dungeon.
             The game lasted 00:04:25 (1739 turns).

Shtopit the Shield-Bearer (Formicid Fighter)        Turns: 1739, Time: 00:04:27

Health: -2/37      AC:  7    Str: 19 (21) XL:     4   Next: 41%
Magic:  4/4        EV: 13    Int:  7 (8)  God:
Gold:   134        SH:  9    Dex: 13 (15) Spells: 0 memorised, 3 levels left

rFire  . . .     SeeInvis +     a - +0 long sword
rCold  . . .     Gourm    .     b - +0 scale mail
rNeg   . . .     Faith    .     c - +0 shield
rPois  .         Spirit   .     (helmet unavailable)
rElec  .         Dismiss  .     (no cloak)
rCorr  .         Reflect  .     (no gloves)
SustAt .         Harm     .     (no boots)
MR     .....                    (no amulet)
Stlth  +.........               (no ring)
                                (no ring)

@: agile, lethally poisoned (-2 -> -10), flying, very slightly contaminated,
invisible, not resistant to hostile enchantments, very unstealthy
A: permanent stasis, dig shafts and tunnels, four strong arms, antennae 3
a: Dig, Shaft Self


You were on level 3 of the Dungeon.
You were hungry.

You visited 1 branch of the dungeon, and saw 3 of its levels.

You collected 134 gold pieces.

Inventory:

Hand Weapons
 a - a +0 long sword (weapon)
Missiles
 t - 2 javelins (quivered)
Armour
 b - a +0 scale mail (worn)
 c - a +0 shield (worn)
Jewellery
 e - an uncursed ring of resist corrosion {unknown}
 r - an uncursed ring of wizardry {unknown}
 s - an uncursed ring of positive energy {unknown}
Scrolls
 g - a scroll of fear {unknown}
 i - 2 scrolls of identify {unknown}
 k - 3 scrolls of magic mapping {unknown}
 n - a scroll of teleportation {unknown}
 o - a scroll of fog {unknown}
 p - a scroll of amnesia {unknown}
Potions
 d - a potion of might
 h - a potion of invisibility
 j - 2 potions of agility
 m - a potion of flight
Comestibles
 f - a bread ration
 u - a meat ration


   Skills:
 + Level 4.1 Fighting
 + Level 2.2 Long Blades
 + Level 3.7 Armour
 + Level 0.8 Dodging
 + Level 4.3 Shields


You had 3 spell levels left.
You didn't know any spells.

Dungeon Overview and Level Annotations

Branches:
Dungeon (3/15)

Altars:


Innate Abilities, Weirdness & Mutations

You are under a permanent stasis effect.
You can dig through walls and to a lower floor.
Your four strong arms can wield two-handed weapons with a shield.
You have a pair of large antennae on your head (SInv).


Message History

Unknown command.
You feel sick.
Items here: )) [ † a dagger of venom; a robe; a whip; an orc corpse You slash the adder!
The adder is severely wounded.
You feel sick. The adder barely misses you. You block the adder's attack.
You barely miss the adder.
The adder is severely wounded.
* * * LOW HITPOINT WARNING * * *
You feel sick. The adder bites you.
* * * LOW HITPOINT WARNING * * *
You closely miss the adder.
The adder is severely wounded.
* * * LOW HITPOINT WARNING * * *
You feel sick. You block the adder's attack. You block the orc wizard's attack.
The adder closely misses you. The orc wizard casts a spell at you.
The puff of flame hits you!
You die...

#....#
#....#
#....#
#....#
.....##.##
...#######.#
...# #...#
... #.###
#.. ##@#
..###So#
#.#...##
#.#.###
#...#
......####
..... ....
...


You could see an orc wizard and an adder.

Vanquished Creatures
  3 dart slugs
  A giant gecko (D:1)
  An orc (D:3)
  2 ball pythons
  9 bats
  2 giant cockroaches (D:2)
  5 goblins
  6 hobgoblins
  6 jackals
  3 giant newts
  9 kobolds
  3 rats (D:2)
50 creatures vanquished.

Vanquished Creatures (others)
  An orc wizard (D:3)
  An orc (D:3)
2 creatures vanquished.

Grand Total: 52 creatures vanquished

Notes
Turn   | Place    | Note
--------------------------------------------------------------
     0 | D:1      | Shtopit the Formicid Fighter began the quest for the Orb.
     0 | D:1      | Reached XP level 1. HP: 18/18 MP: 1/1
   134 | D:1      | Reached XP level 2. HP: 23/24 MP: 2/2
   423 | D:1      | Reached XP level 3. HP: 28/29 MP: 3/3
   475 | D:1      | You fall through a shaft!
  1172 | D:2      | Reached XP level 4. HP: 36/37 MP: 4/4
  1739 | D:3      | Killed from afar by an orc wizard

Skill      XL: |  1  2  3 |
---------------+----------+-----
Shields        | 4 |  4.3
Fighting       | 4 |  4.1
Long Blades    | |  2.2
Armour         | |  3.7
Dodging        | |  0.8

Action                   |  1- 3 |  4- 6 || total
-------------------------+-------+-------++-------
Melee: Long sword        |   104 |    54 ||   158
  Use: Potion            |       |     5 ||     5
  Eat: Chunk             |     1 |     1 ||     2
Armor: Scale mail        |    46 |    21 ||    67
Dodge: Dodged            |    31 |    27 ||    58
Block: Shield            |    59 |    35 ||    94
